Map: Ruins of Endion

Players

Fropez

  • Race: Protoss Protoss
  • League: Silver
  • Spawn Location: 7:00

Zeratul - Winner!

  • Race: Terran Terran
  • League: Gold
  • Spawn Location: 5:00

VOD

Have the link to the VOD?

Description

Time

  • Played on: June 8, 2016, 12:39 p.m.
  • Length: 31:24
Show
View Real Time Build Order
Export as new Build Order

Fropez Protoss 

Build Orders:  

Get SALT Encoding   

  12  0:02  Probe (Chrono Boost)  
  13  0:12  Probe (Chrono Boost)  
  14  0:26  Pylon  
  14  0:30  Probe (Chrono Boost)  
  15  0:46  Gateway  
  15  0:47  Gateway  
  15  0:51  Probe (Chrono Boost)  
  16  0:57  Assimilator  
  16  1:01  Probe (Chrono Boost)  
  17  1:12  Pylon  
  17  1:14  Probe (Chrono Boost)  
  18  1:22  Pylon  
  18  1:25  Probe (Chrono Boost)  
  18  1:42  Cybernetics Core  
  18  1:43  Probe (Chrono Boost)  
  19  1:50  Assimilator  
  19  1:54  Probe (Chrono Boost)  
  20  2:04  Probe (Chrono Boost)  
  21  2:19  Stalker x2  
  25  2:23  Warp Gate (Chrono Boost)  
  25  2:31  Probe  
  26  2:43  Pylon, Probe  
  27  2:55  Probe  
  27  2:56  Stalker x2  
  32  3:04  Pylon  
  32  3:08  Probe  
  33  3:16  Pylon  
  33  3:20  Mothership Core  
  35  3:35  Stalker x2  
  39  3:47  Twilight Council  
  40  3:48  Probe  
  40  4:00  Probe  
  41  4:05  Pylon  
  41  4:18  Probe  
  41  4:20  Gateway  
  41  4:21  Gateway  
  42  4:30  Probe  
  43  4:32  Stalker  
  43  4:33  Stalker  
  47  4:46  Probe, Blink (Chrono Boost)  
  46  5:01  Probe  
  47  5:13  Probe  
  48  5:22  Stalker x2  
  48  5:25  Probe  
  53  5:40  Probe  
  54  5:47  Nexus  
  54  5:49  Stalker x2  
  58  5:50  Stalker  
  58  5:53  Probe  
  61  6:05  Probe  
  62  6:15  Robotics Facility  
  62  6:17  Probe  
  63  6:29  Probe  
  62  6:41  Probe  
  63  6:51  Pylon  
  63  6:59  Pylon  
  63  7:03  Pylon  
  63  7:04  Probe  
  64  7:09  Stalker x4  
  64  7:11  Observer  
  73  7:16  Probe  
  73  7:17  Probe  
  75  7:26  Gateway  
  75  7:28  Gateway  
  75  7:46  Stalker  
  75  7:47  Stalker  
  75  7:48  Stalker  
  81  8:32  Pylon, Dark Shrine  
  81  8:36  Probe  
  81  8:37  Probe  
  81  8:39  Warp Prism  
  85  8:44  Stalker x3  
  85  8:46  Nexus, Probe  
  92  8:56  Assimilator  
  92  8:57  Forge  
  92  9:02  Assimilator  
  92  9:14  Pylon x2  
  92  9:21  Pylon  
  92  9:24  Pylon  
  92  9:30  Gateway  
  92  9:31  Stalker x2  
  92  9:32  Stalker x3  
  92  9:34  Protoss Ground Weapons Level 1 (Chrono Boost)  
  102  9:57  Stalker x5  
  106  10:50  Dark Templar x4  
  106  10:51  Dark Templar x2  
  106  10:53  Probe  
  106  10:54  Probe  
  118  11:13  Probe  
  118  11:16  Protoss Ground Armor Level 1 (Chrono Boost)  
  118  11:17  Forge  
  119  11:25  Stalker  
  119  11:26  Stalker x5  
  119  11:27  Dark Templar  
  131  11:45  Probe  
  131  11:46  Probe  
  97  12:58  Stalker x4  
  97  12:59  Stalker x3  
  97  13:03  Probe  
  97  13:05  Probe  
  113  13:10  Nexus  
  113  13:14  Assimilator  
  113  13:16  Assimilator  
  113  13:27  Protoss Ground Weapons Level 2 (Chrono Boost)  
  113  13:36  Protoss Ground Armor Level 2 (Chrono Boost)  
  113  13:42  Probe x2  
  113  13:44  Pylon  
  113  13:47  Pylon x2  
  115  13:56  Pylon  
  115  14:04  Stalker x3  
  115  14:05  Stalker x4  
  129  14:37  Gateway  
  129  14:39  Gateway, Protoss Air Weapons Level 1  
  129  14:40  Gateway  
  129  14:41  Pylon  
  129  15:08  Nexus  
  127  15:31  Stalker x2  
  127  15:32  Stalker x3  
  131  15:49  Gateway  
  131  15:53  Photon Cannon  
  131  15:56  Photon Cannon  
  131  15:57  Stalker  
  131  15:58  Stalker  
  129  16:21  Pylon x2  
  129  16:36  Probe x2  
  129  16:39  Dark Shrine  
  131  16:42  Assimilator  
  131  16:43  Pylon  
  131  16:45  Templar Archives  
  131  16:47  Assimilator  
  131  16:48  Protoss Air Armor Level 1  
  131  16:52  Protoss Shields Level 1 (Chrono Boost)  
  131  16:53  Observer, Protoss Ground Armor Level 3 (Chrono Boost)  
  132  16:57  Probe x2  
  134  17:10  Stalker  
  134  17:11  Stalker x4  
  134  17:15  Observer  
  135  17:24  Stalker x3  
  137  17:36  Observer  
  130  17:51  Stargate  
  126  17:52  Stargate  
  126  17:56  Stargate  
  126  17:57  Observer, Probe, Stargate  
  128  18:05  Charge  
  128  18:15  Nexus  
  128  18:18  Assimilator  
  128  18:19  Observer  
  129  18:20  Assimilator  
  129  18:23  Pylon  
  129  18:26  Pylon  
  129  18:36  Pylon x2  
  128  18:59  High Templar x2  
  128  19:00  High Templar x7  
  144  19:04  Archon x3  
  144  19:05  Archon  
  144  19:10  High Templar  
  146  19:51  Archon  
  116  20:16  Fleet Beacon  
  116  20:20  Pylon  
  116  20:22  Pylon  
  116  20:38  Nexus  
  116  20:41  Assimilator  
  116  20:45  Assimilator  
  116  20:53  Zealot x3  
  116  20:54  Zealot x7  
  116  20:55  Zealot  
  136  21:00  Nexus  
  136  21:04  Assimilator  
  136  21:07  Pylon  
  136  21:10  Pylon  
  112  21:19  Zealot  
  112  21:20  Zealot x6  
  112  21:21  Zealot  
  112  21:22  Pylon  
  112  21:23  Pylon  
  120  21:26  Pylon  
  120  21:31  Pylon  
  120  21:37  Pylon  
  120  21:45  Tempest  
  120  21:46  Probe x2  
  124  21:47  Probe  
  124  21:48  Pylon, Probe  
  118  22:02  Zealot x5  
  118  22:03  Zealot x2  
  118  22:07  Probe  
  118  22:08  Probe, Mothership Core  
  102  23:10  Nexus  
  102  23:17  Nexus  
  102  23:27  Probe x2  
  102  23:28  Probe  
  102  23:29  Probe  
  102  23:31  Nexus  
  106  23:40  Twilight Council  
  106  23:48  Tempest  
  106  23:49  Pylon  
  106  23:55  Pylon  
  110  23:59  Assimilator  
  110  24:01  Assimilator  
  110  24:05  Probe  
  110  24:06  Probe  
  110  24:07  Probe x2  
  114  24:10  Assimilator  
  114  24:15  Assimilator  
  114  24:16  Probe x2  
  114  24:20  Probe x2  
  114  24:21  Probe  
  119  24:24  Tempest  
  119  24:27  Probe x2  
  125  24:32  Assimilator  
  125  24:35  Zealot  
  125  24:36  Zealot x3  
  133  24:41  Probe  
  111  25:32  Probe x2  
  111  25:33  Probe x2  
  111  25:34  Probe  
  108  25:42  Photon Cannon  
  107  25:45  Photon Cannon  
  107  25:47  Photon Cannon  
  107  25:50  Pylon  
  107  25:53  Pylon  
  107  25:59  Probe  
  107  26:01  Probe x2  
  107  26:03  Probe  
  107  26:06  Photon Cannon  
  107  26:07  Photon Cannon  
  106  26:21  Pylon  
  106  26:22  Pylon  
  105  26:46  Probe  
  105  26:47  Probe x2  
  105  26:48  Probe x2  
  105  26:52  Tempest  
  114  26:55  Tempest  
  114  26:57  Probe  
  114  27:00  Probe  
  120  27:03  Probe x2  
  120  27:04  Probe  
  124  27:37  Observer  
  124  28:10  Zealot  
  124  28:11  Zealot x2  
  124  28:12  Zealot x3  
  136  28:33  Tempest x2  
  144  28:35  Tempest  
  144  28:39  Protoss Air Armor Level 2  
  146  28:49  Protoss Shields Level 2 (Chrono Boost)  
  146  29:20  Nexus  
  133  30:19  Tempest  
  133  30:20  Tempest  
  133  30:21  Tempest  
  141  30:28  Pylon  
  137  30:39  Nexus  
  125  30:53  Stalker  
  125  30:54  Stalker x2  
Show
View Real Time Build Order
Export as new Build Order

Zeratul Terran - Winner!

Build Orders: Command Center First (CC) 

Get SALT Encoding   

  12  0:08  SCV  
  13  0:21  SCV  
  14  0:33  SCV  
  15  0:43  Supply Depot  
  15  1:00  Command Center  
  15  1:14  Barracks  
  15  1:37  Barracks  
  15  1:42  SCV  
  16  1:54  SCV  
  17  2:03  Marine  
  17  2:07  Refinery  
  18  2:10  Refinery  
  18  2:21  Marine  
  19  2:24  Bunker  
  19  2:25  Marine  
  20  2:34  SCV  
  21  2:38  Marine  
  21  2:43  Marine  
  23  2:47  SCV, Engineering Bay  
  24  3:05  SCV  
  25  3:17  SCV  
  26  3:22  Missile Turret  
  26  3:29  SCV  
  26  3:32  Missile Turret  
  27  3:39  SCV  
  29  3:41  SCV  
  29  3:50  Missile Turret  
  29  3:51  SCV  
  30  3:56  Marine x2  
  32  4:03  SCV  
  32  4:08  Orbital Command  
  33  4:15  SCV  
  34  4:18  Factory  
  34  4:28  SCV  
  34  4:29  Barracks Tech Lab  
  35  4:32  Barracks Reactor  
  35  4:40  Planetary Fortress, Missile Turret  
  35  4:45  Hi-Sec Auto Tracking  
  35  4:49  Combat Shields  
  35  4:51  Marine  
  36  5:02  Widow Mine  
  38  5:16  Bunker  
  38  5:21  Marine  
  38  5:24  Supply Depot  
  38  5:28  SCV  
  40  5:31  Widow Mine  
  42  5:39  Marine  
  42  5:40  Marine x2, SCV  
  46  5:45  Building Armor  
  46  5:52  SCV  
  47  5:57  Marine  
  47  5:58  Marine x2, Starport  
  47  6:02  Starport  
  50  6:04  SCV  
  51  6:15  Marine  
  51  6:16  SCV  
  53  6:29  SCV  
  54  6:37  Refinery  
  54  6:38  Refinery  
  54  6:46  Factory Tech Lab  
  54  6:51  Supply Depot  
  54  6:52  Supply Depot  
  54  6:54  SCV  
  53  7:02  Marine  
  54  7:09  Starport Reactor x2  
  54  7:13  Marine x2, Siege Tank  
  59  7:20  Marine  
  60  7:31  Marine x2  
  60  7:36  Liberator  
  62  7:38  Marine  
  63  7:48  Marine x2  
  63  7:51  Supply Depot  
  65  7:53  Supply Depot  
  65  7:55  Marine, Liberator x2  
  65  7:58  Liberator  
  69  8:06  Marine  
  69  8:12  Marine  
  77  8:13  Marine  
  81  8:24  Marine  
  82  8:30  Marine  
  82  8:31  Marine  
  84  8:42  Marine  
  84  8:44  Liberator  
  84  8:48  Marine  
  86  8:49  Command Center  
  86  9:01  Marine x2  
  91  9:06  Marine  
  91  9:09  Barracks  
  92  9:11  Barracks  
  92  9:12  Barracks  
  92  9:19  Marine x2  
  92  9:21  Terran Infantry Weapons Level 1  
  92  9:23  Marine  
  95  9:31  Supply Depot  
  95  9:33  Supply Depot  
  95  9:34  Viking x3  
  95  9:37  Marine  
  102  9:52  Marine x2, Siege Tank, Viking  
  109  9:55  Marine  
  109  9:56  Supply Depot  
  110  10:10  Marine x2  
  110  10:12  Marine  
  111  10:24  Siege Tank  
  111  10:28  Marine x2  
  116  10:45  Marine x4  
  116  10:46  Marine x2  
  122  11:03  Marine x4  
  125  11:10  Planetary Fortress  
  125  11:20  Stimpack  
  125  11:35  Barracks Reactor x2  
  125  11:39  Barracks Reactor  
  114  11:54  Missile Turret  
  114  11:56  Missile Turret  
  114  11:59  Missile Turret x2  
  114  12:00  Missile Turret x2  
  114  12:01  SCV  
  110  12:13  SCV  
  110  12:15  Missile Turret  
  111  12:19  Marine x5  
  111  12:20  Marine x4  
  120  12:25  SCV  
  121  12:30  Missile Turret  
  119  12:37  Marine x4, SCV  
  121  12:49  SCV  
  122  13:04  Command Center  
  122  13:08  Missile Turret  
  122  13:10  Missile Turret  
  122  13:15  Missile Turret  
  114  13:44  Starport  
  114  13:47  Starport  
  114  13:52  Marine x3  
  117  14:07  Refinery  
  117  14:10  Refinery  
  117  14:15  Marine x2  
  119  14:24  Command Center  
  119  14:25  Terran Infantry Armor Level 1  
  119  14:30  Fusion Core  
  119  14:31  Starport Tech Lab x2  
  119  15:03  Raven x2  
  123  15:16  Medivac x4  
  129  15:23  Planetary Fortress  
  123  15:46  Medivac  
  125  16:20  Missile Turret  
  125  16:23  SCV  
  126  16:35  SCV  
  127  16:47  SCV  
  128  16:59  SCV  
  129  17:11  SCV  
  130  17:47  Liberator x4  
  142  18:05  Orbital Command  
  142  18:29  Liberator  
  145  19:21  Missile Turret  
  145  19:24  Missile Turret  
  145  19:28  Hyperflight Rotors  
  145  19:30  Missile Turret  
  145  19:42  Missile Turret  
  145  19:43  Sensor Tower  
  145  19:51  Missile Turret  
  145  19:52  Banshee x2  
  145  19:56  Cloaking Field  
  151  20:06  Missile Turret  
  150  20:35  Banshee x2  
  156  21:18  Banshee x2  
  145  22:01  Banshee x2  
  134  22:44  Banshee  
  127  22:51  Viking x4  
  114  23:21  Viking x4  
  114  23:26  Viking  
  124  23:34  Command Center  
  124  23:51  Viking x4  
  132  23:56  Viking  
  134  24:19  Viking  
  134  24:21  Viking x4  
  144  24:26  Viking  
  146  24:49  Viking  
  146  24:51  Viking x4  
  154  24:56  Viking  
  153  26:42  Command Center  
  153  26:47  Banshee  
  156  27:54  Banshee x2  
  160  28:19  Planetary Fortress  
  160  28:25  Missile Turret  
  160  28:36  Orbital Command  
  160  28:37  Banshee x2  
  166  28:45  Missile Turret  
  166  29:04  Missile Turret  
  166  29:19  Banshee  
  169  29:43  Banshee  
  169  29:50  Supply Depot  
  169  30:02  Banshee  
  171  30:22  Refinery  
  171  30:26  Refinery  
Tags
 
Add a new tag
Caveats
  • Supply blocks, unpowered buildings, or Contaminate may cause inaccurate times.
  • Supply counts are checked every 10 seconds.